 Dungeon Crawl Stone Soup version 0.28-a0-622-gbaef9634d7 (webtiles) character file.

Game seed: 16112781741397427702

29 sleeves the Slasher (level 3, 28/29 HPs)
             Began as a Demonspawn Fighter on Oct 7, 2021.
             Quit the game on level 1 of the Dungeon.
             The game lasted 00:00:34 (815 turns).

sleeves the Slasher (Demonspawn Fighter)             Turns: 815, Time: 00:00:34

Health: 28/29      AC:  6    Str: 17    XL:     3   Next: 1%
Magic:  3/3        EV:  9    Int:  9    God:
Gold:   31         SH:  4    Dex: 12    Spells: 2/2 levels left

rFire   . . .      SeeInvis .   a - +0 long sword
rCold   . . .      Faith    .   c - +0 buckler
rNeg    . . .      Spirit   .   b - +0 scale mail
rPois   .          Reflect  .   (helmet restricted)
rElec   .          Harm     .   (no cloak)
rCorr   .          Rampage  .   (no gloves)
Will    .....                   (no boots)
Stlth   ..........              (no amulet)
HPRegen 0.09/turn               (no ring)
MPRegen 0.08/turn               (no ring)

@: no status effects
A: horns 1, foul stench 1
a: no special abilities


You were on level 1 of the Dungeon.
You visited 1 branch of the dungeon, and saw 2 of its levels.

You collected 31 gold pieces.

Inventory:

Hand Weapons
 a - a +0 long sword (weapon)
Armour
 b - a +0 scale mail (worn)
 c - a +0 buckler (worn)
Jewellery
 e - a ring of protection from cold
   (You found it on level 1 of the Dungeon)
Scrolls
 g - 2 scrolls of identify {unknown}
Potions
 d - a potion of might
 f - a potion of haste {unknown}
 h - a potion of mutation {unknown}


   Skills:
 - Level 3.0 Fighting
 + Level 3.2 Long Blades
 - Level 2.6 Armour
 - Level 2.6 Shields


You had 2 spell levels left.
You didn't know any spells.
Your spell library contained the following spells:

 Spells                   Type           Power      Damage    Failure   Level
 Sting                    Tmut/Pois      0%         1d3       85%         1
 Spider Form              Tmut/Pois      0%         N/A       99%         3
 Tukima's Dance           Hex            0%         N/A       99%         3


Dungeon Overview and Level Annotations

Branches:
Dungeon (2/15)

Altars:

Annotations:
D:1 Robin


Innate Abilities, Weirdness & Mutations

You have a pair of small horns on your head.
You may rarely emit foul miasma when damaged in melee.


Message History

Welcome, sleeves the Demonspawn Fighter.
Will you prevail where others failed? Will you find the Orb of Zot?
Press ? for a list of commands and other information.
Found 10 gold pieces.
Found two stairs.
Found an escape hatch in the floor.
A giant cockroach comes into view.
A giant cockroach is nearby!
You see here 10 gold pieces.
The giant cockroach closely misses you.
You closely miss the giant cockroach. You block the giant cockroach's attack.
The giant cockroach closely misses you.
You hit the giant cockroach.
The giant cockroach is severely wounded.
The giant cockroach bites you but does no damage. x2
You hit the giant cockroach but do no damage.
The giant cockroach is severely wounded.
The giant cockroach bites you but does no damage.
You slash the giant cockroach!
You kill the giant cockroach!
No target in view!
No target in view!
No target in view!
You now have 10 gold pieces.
Found a robe.
You see here a +0 robe.
e - a ring of protection from cold You now have 25 gold pieces (gained 15).
f - a green potion No target in view!
No target in view!
No target in view!
No target in view!
No target in view!
No target in view!
No target in view!
No target in view!
No target in view!
Found 8 poisoned darts.
Found a long sword.
No target in view!
No target in view!
No target in view!
No target in view!
No target in view!
No target in view!
No target in view!
No target in view!
No target in view!
A bat comes into view.
Found a stone staircase leading down.
A bat is nearby!
The bat hits you but does no damage. The bat closely misses you.
You slash the bat!
You kill the bat!
Your Long Blades skill increases to level 2!
No target in view!
No target in view!
No target in view!
No target in view!
No target in view!
No target in view!
No target in view!
No target in view!
No target in view!
No target in view!
g - a scroll labelled COOVOK ONETH You open the door.
There is an open door here.
An endoplasm comes into view.
The endoplasm quivers.
An endoplasm is nearby!
You slash the endoplasm!
You kill the endoplasm!
No target in view!
No target in view!
No target in view!
No target in view!
No target in view!
No target in view!
No target in view!
No target in view!
No target in view!
No target in view!
You open the door.
There is an open door here.
An endoplasm comes into view.
The endoplasm quivers.
An endoplasm is nearby!
An endoplasm is nearby!
You hit the endoplasm but do no damage. The endoplasm freezes you.
You are frozen.
You hit the endoplasm.
The endoplasm is heavily wounded.
The endoplasm completely misses you.
You hit the endoplasm.
You kill the endoplasm!
No target in view!
No target in view!
No target in view!
No target in view!
No target in view!
No target in view!
No target in view!
No target in view!
HP restored.
h - a red potion
There is an open door here.
Found 26 arrows.
g - 2 scrolls labelled COOVOK ONETH (gained 1)
You see here 26 arrows.
A bat comes into view.
A bat is nearby!
You hit the bat.
You kill the bat!
No target in view!
No target in view!
No target in view!
No target in view!
No target in view!
No target in view!
No target in view!
No target in view!
No target in view!
You open the door. You open the door.
There is an open door here.
You open the door.
There is an open door here.
A quokka comes into view.
A quokka is nearby!
A quokka is nearby!
You hit the quokka.
The quokka is lightly wounded.
The quokka barely misses you.
You hit the quokka.
You kill the quokka!
No target in view!
No target in view!
No target in view!
No target in view!
No target in view!
No target in view!
No target in view!
You see here a quokka corpse.
Found a stone staircase leading down.
A hobgoblin comes into view.
The hobgoblin shouts!
A hobgoblin is nearby!
You hit the hobgoblin but do no damage. The hobgoblin closely misses you.
The hobgoblin barely misses you.
You slash the hobgoblin!
You kill the hobgoblin!
You have reached level 2!
Your demonic ancestry asserts itself...
A pair of horns grows on your head!
There is a stone staircase leading down here.
A rat comes into view.
A rat is nearby!
A rat is nearby!
The rat misses you.
You slash the rat!
You kill the rat!
No target in view!
No target in view!
No target in view!
No target in view!
No target in view!
No target in view!
You see here a rat corpse.
You now have 31 gold pieces (gained 6).
There is an escape hatch in the floor here.
A hobgoblin comes into view.
The hobgoblin shouts!
A hobgoblin is nearby!
A hobgoblin is nearby!
The hobgoblin closely misses you.
You hit the hobgoblin.
The hobgoblin is almost dead.
You block the hobgoblin's attack. The hobgoblin completely misses you.
You slash the hobgoblin!
You kill the hobgoblin!
No target in view!
No target in view!
No target in view!
No target in view!
No target in view!
You open the door.
There is an open door here.
You open the door.
There is an open door here.
A hobgoblin comes into view.
The hobgoblin shouts!
A hobgoblin is nearby!
A hobgoblin is nearby!
The hobgoblin hits you.
You hit the hobgoblin.
The hobgoblin is almost dead.
The hobgoblin hits you but does no damage.
You barely miss the hobgoblin. You headbutt the hobgoblin.
You kill the hobgoblin!
No target in view!
No target in view!
No target in view!
No target in view!
No target in view!
No target in view!
You open the door.
There is an open door here.
You pick up the Handbook of Ensnaring Venom and begin reading...
You add the spells Sting, Tukima's Dance and Spider Form to your library.
An endoplasm and a hobgoblin come into view.
The endoplasm quivers.
The hobgoblin shouts!
A quokka comes into view.
There are monsters nearby!
A giant cockroach comes into view.
The endoplasm misses you.
You hit the endoplasm.
The endoplasm is almost dead.
The endoplasm hits you but does no damage.
The quokka bites you.
You hit the endoplasm.
You kill the endoplasm!
The quokka bites you.
The giant cockroach bites you but does no damage.
You barely miss the quokka.
The quokka bites you but does no damage.
You block the giant cockroach's attack.
The quokka twitches its whiskers.
The quokka barely misses you.
You barely miss the quokka.
The giant cockroach bites you but does no damage.
The quokka barely misses you. The giant cockroach misses you.
The quokka bites you.
You closely miss the quokka. Your headbutt misses the quokka.
The giant cockroach bites you but does no damage.
The quokka closely misses you. The giant cockroach closely misses you.
You slash the quokka!
You kill the quokka!
The giant cockroach closely misses you. The hobgoblin hits you.
You completely miss the hobgoblin. The giant cockroach barely misses you.
The hobgoblin closely misses you. You block the giant cockroach's attack.
You barely miss the hobgoblin. You headbutt the hobgoblin.
The hobgoblin is lightly wounded.
The giant cockroach bites you but does no damage.
The hobgoblin barely misses you.
You barely miss the hobgoblin.
The hobgoblin is lightly wounded.
The giant cockroach bites you but does no damage.
The hobgoblin barely misses you. The giant cockroach bites you.
You block the hobgoblin's attack.
You hit the hobgoblin.
You kill the hobgoblin!
The giant cockroach bites you but does no damage.
You slash the giant cockroach!
You kill the giant cockroach!
No target in view!
No target in view!
You see here a giant cockroach corpse.
You see here a hobgoblin corpse.
There is an escape hatch in the floor here.
You see here a hobgoblin skeleton.
You see here a hobgoblin skeleton.
There is an escape hatch in the floor here.
There is a staircase leading out of the dungeon here.
You see here a quokka skeleton.
Key pressed, stopping explore.
Done exploring.
Okay, then.
Done exploring.
Done exploring.
Done exploring.
No target in view!
No target in view!
No target in view!
No target in view!
No target in view!
No target in view!
No target in view!
No target in view!
Done exploring.
(D) Dungeon
Where to? (? - help)
There is a stone staircase leading down here.
You climb downwards.
Robin shouts!
The goblin shouts!
You hear a shout!
You hear an angry hiss.
You hear a shout!
There is a stone staircase leading up here.
There are monsters nearby!
Okay, then.
Okay, then.
A goblin comes into view. It is wielding a +0 club. x2
The goblin moves out of view.
The goblin shouts!
You hear a shout! x2
An adder comes into view.
A goblin comes into view. It is wielding a +0 club.
A goblin comes into view. It is wielding a staff of poison.
The goblin shouts!
You hear an angry hiss.
You completely miss the goblin.
Robin roars a battlecry!
The goblins go into a battle-frenzy!
The goblin hits you but does no damage.
Robin roars a battlecry!
The goblins go into a battle-frenzy!
You hear a shout! x2; You hear an angry hiss.
You closely miss the goblin. You headbutt the goblin.
You kill the goblin!
You hear a shout!
You block the adder's attack.
You climb upwards.
There is a stone staircase leading down here.
You barely miss the adder. Your headbutt misses the adder.
The adder barely misses you. You block the adder's attack.
You hit the adder but do no damage. The adder bites you but does no damage.
The adder closely misses you.
You slash the adder!
The adder is almost dead.
You block the adder's attack.
You hit the adder.
You kill the adder!
Your Long Blades skill increases to level 3!
No target in view!
No target in view!
No target in view!
No target in view!
No target in view!
No target in view!
No target in view!
No target in view!
No target in view!
No target in view!
No target in view!
No target in view!
No target in view!
No target in view!
No target in view!
You climb downwards.
Level annotation: Robin The goblin shouts!
You hear an angry hiss.
You hear a shout!
The goblin hits you but does no damage.
A frilled lizard comes into view.
A goblin comes into view. It is wielding a +0 club.
The goblin barely misses you.
There is a stone staircase leading up here.
You block Robin's attack.
You climb upwards.
There is a stone staircase leading down here.
You block the goblin's attack. Robin throws the goblin at you!
The goblin hits you but does no damage.
You slash the goblin!
You kill the goblin!
Robin hits you with a +0 short sword.
You have reached level 3!
Your experience leads to an increase in your attributes!
Increase (S)trength, (I)ntelligence, or (D)exterity?
You feel stronger.
Your demonic ancestry asserts itself...
You begin to emit a foul stench of rot and decay.
Are you sure you want to abandon this character and quit the game? (Confirm with "yes".)

#.# #.# #.# #.# ####.##
#.# ##.....# #.#
########......# #.#
#..รท..........# ##'##
#.#####.......# #....
#.#
#.......###########....
#.#
#..>.g@|..........'....
#.#
#.#.#.#############....
#.# #...#.# #.... #.#
#####.# #.... #.# #.#
#.... #.#
#.#############.... #.#
#.................. #.#
#.################# #.#
#..................


You could see Robin.

Vanquished Creatures
  An adder (D:1)
  2 bats (D:1)
  3 endoplasms (D:1)
  2 giant cockroaches (D:1)
  4 hobgoblins (D:1)
  2 quokkas (D:1)
  2 goblins
  A rat (D:1)
17 creatures vanquished.

Notes
Turn   | Place    | Note
-------+----------+-------------------------------------------
     0 | D:1      | sleeves the Demonspawn Fighter began the quest for the Orb.
     0 | D:1      | Reached XP level 1. HP: 18/18 MP: 1/1
    57 | D:1      | Reached skill level 2 in Long Blades
   355 | D:1      | Gained mutation: You have a pair of small horns on your
                  | head. [demonic ancestry]
   355 | D:1      | Reached XP level 2. HP: 24/24 MP: 2/2
   523 | D:1      | Got the Handbook of Ensnaring Venom
   793 | D:2      | Noticed Robin
   807 | D:1      | Reached skill level 3 in Long Blades
   815 | D:1      | Gained mutation: You may rarely emit foul miasma when
                  | damaged in melee. [demonic ancestry]
   815 | D:1      | Reached XP level 3. HP: 28/29 MP: 3/3
   815 | D:1      | Quit the game

Illustrated notes

Levels and vault maps discovered:
D:1:      dpeg_arrival_line_fractal, layout_basic
D:2:      layout_loops_ring, kennysheep_doodads, minmay_pentomino_p4,
          uniq_sigmund, uniq_jessica, uniq_robin

Skill      XL: |  1  2 |
---------------+-------+-----
Long Blades    | 2 3 |  3.2
Fighting       | |  3.0
Armour         | |  2.6
Shields        | |  2.6

Action                   || total
-------------------------++-------
Melee: Long sword        ||    37
       Headbutt          ||     3
Armor: Scale mail        ||    18
Dodge: Dodged            ||    24
Block: Buckler           ||    10

Table legend: (Time is in decaauts)
 A = Elapsed time spent in this place.
 B = Non-inter-level travel time spent in this place.
 C = Inter-level travel time spent in this place.
 D = Time resting spent in this place.
 E = Time spent auto-exploring this place.
 F = Levels seen in this place.
 G = Mean time per level.
                   A        B        C        D        E       F      G
               +--------+--------+--------+--------+--------+-----+--------+
         Total |    827 |    803 |     24 |      0 |    698 |   2 |  413.5 |
       Dungeon |    827 |    803 |     24 |      0 |    698 |   2 |  413.5 |
               +--------+--------+--------+--------+--------+-----+--------+

Top non-repeatable levels by time:
     D:1: 816 daAuts
     D:2: 11 daAuts
